 Dungeon Crawl Stone Soup version 0.30-a0-782-ge64f9170bb (webtiles) character file.

Game seed: 1703616094516045517

51 funkygono the Firebug (level 3, -1/19 HPs)
             Began as a Gargoyle Fire Elementalist on Feb 20, 2023.
             Killed by divine providence
             ... invoked by an orc priest
              (10 damage)
             ... on level 3 of the Dungeon.
             The game lasted 00:02:31 (2400 turns).

funkygono the Firebug (Gargoyle Fire Elementalist)  Turns: 2400, Time: 00:02:32

Health: -1/19      AC:  5    Str: 11    XL:     3   Next: 83%
Magic:  5/6        EV: 12    Int: 17    God:
Gold:   77         SH:  0    Dex: 10    Spells: 3/6 levels left

rFire   . . .      SeeInvis .    d - +0 whip
rCold   . . .      Faith    .    (no shield)
rNeg    + . .      Spirit   .    a - +0 robe
rPois   ∞          Reflect  .    (no helmet)
rElec   +          Harm     .    (no cloak)
rCorr   .          Rampage  .    (no gloves)
Will    .....                    (no boots)
Stlth   ++                       (no amulet)
HPRegen 0.23/turn                (no ring)
MPRegen 0.10/turn                (no ring)

@: no status effects
A: sickness immunity, AC +3, negative energy resistance 1, electricity
resistance, torment resistance 1, petrification resistance
a: no special abilities


You were on level 3 of the Dungeon.
You visited 1 branch of the dungeon, and saw 3 of its levels.

You collected 77 gold pieces.

Inventory:

Hand Weapons
 d - a +0 whip (weapon)
Armour
 a - a +0 robe (worn)
Magical Staves
 g - a staff of poison
Scrolls
 c - a scroll of amnesia {unknown}
 e - a scroll of poison {unknown}
 f - a scroll of noise {unknown}
 h - a scroll of enchant weapon {unknown}
 j - 2 scrolls of identify {unknown}
 k - 2 scrolls of fog {unknown}
Potions
 b - a potion of magic
 i - 2 potions of curing {unknown}
 l - 2 potions of attraction {unknown}
 m - a potion of heal wounds {unknown}


   Skills:
 + Level 0.1 Fighting
 + Level 0.2 Maces & Flails
 + Level 2.0 Dodging
 - Level 2.1 Stealth
 + Level 2.3 Spellcasting
 + Level 1.9 Conjurations
 + Level 3.7 Fire Magic


You had 3 spell levels left.
You knew the following spells:

 Your Spells              Type           Power      Damage    Failure   Level
a - Foxfire               Conj/Fire      44%        2x1d6     6%          1
b - Scorch                Fire           28%        2d6       6%          2

Your spell library contained the following spells:

 Spells                   Type           Power      Damage    Failure   Level
 Slow                     Hex            4%         N/A       19%         1
 Inner Flame              Hex/Fire       8%         N/A       26%         3
 Kindle Blastsparks       Fire/Tloc/Air  12%        2d11      34%         3
 Confusing Touch          Hex            1%         N/A       50%         3
 Vampiric Draining        Necr           1%         2d6       50%         3
 Flame Wave               Conj/Fire      11%        2d6       52%         4


Dungeon Overview and Level Annotations

Branches:
Dungeon (3/15)

Altars:


Innate Abilities, Weirdness & Mutations

You are immune to sickness and miasma.
Your stone body is resilient. (AC +3)
You are immune to poison.
You resist negative energy. (rN+)
You are resistant to electric shocks. (rElec)
You are resistant to unholy torment.
You are immune to petrification.


Message History

Where to? (Enter - D:2, ? - help)
What level of the Dungeon? (default 1, ? - help)
There is an escape hatch in the floor here.
There is a stone staircase leading up here.
There is a stone staircase leading down here.
You climb downwards.
Found a stone staircase leading down.
There is a stone staircase leading up here.
Found 6 stones.
Casting: Scorch (safe; 6% risk of failure)
Confirm with . or Enter, or press ? or * to list all spells.
You miscast Foxfire.
You are very lightly contaminated with residual magic.
Nothing appears to happen.
Unknown command.
Your magical contamination has completely faded away.
Magic restored.
You see here 6 stones. 2 orcs, an orc priest and an orc wizard come into view.
The orc wizard is wielding a +1 dagger of venom.
Found a cyan potion and a ruby potion.
The orc priest shouts!
The orc shouts! x2; The orc wizard shouts!
The orc priest calls down the wrath of Beogh upon you.
Beogh smites you!
Ouch! That really hurt!
An orc priest comes into view. It is wielding a +0 hand axe.
The orc priest shouts!
The orc priest begins to cast a cantrip, but forgets the words!
The orc priest looks satisfied for a moment.
Casting: Foxfire (safe; 6% risk of failure)
Confirm with . or Enter, or press ? or * to list all spells.
You conjure some foxfire!
The foxfire hits the orc.
The orc is severely wounded.
The foxfire hits the orc.
You kill the orc!
The orc priest mumbles some strange prayers to Beogh against you.
Beogh smites you!
Ouch! That really hurt!
You die...

.. .. # #.#
########..# #..##
#...@.§..#
##...####.###....#
#.......#.# #).o.#
###.#.(.# #oo..#
#..<#.### #....#
#....># #..!.#
#.....#.# #!.o.#
#####.#.# #....#
..#.#


You could see 2 orc priests, an orc wizard and an orc.

Vanquished Creatures
  A worm (D:2)
  A dart slug (D:1)
  An orc (D:3)
  5 endoplasms
  2 giant cockroaches
  5 goblins (D:2)
  5 hobgoblins (D:1)
  3 jackals (D:1)
  A quokka (D:2)
  7 ball pythons
  3 bats
  A frilled lizard (D:1)
  2 kobolds (D:1)
  5 rats
42 creatures vanquished.

Vanquished Creatures (others)
  122 foxfires
122 creatures vanquished.

Grand Total: 164 creatures vanquished

Notes
Turn   | Place    | Note
-------+----------+-------------------------------------------
     0 | D:1      | funkygono the Gargoyle Fire Elementalist began the quest
                  | for the Orb.
     0 | D:1      | Reached XP level 1. HP: 10/10 MP: 3/3
   353 | D:1      | Reached XP level 2. HP: 4/15 MP: 0/5
   356 | D:1      | Learned a level 2 spell: Scorch
  1155 | D:1      | Reached XP level 3. HP: 19/19 MP: 2/6
  2400 | D:3      | Killed from afar by an orc priest

Illustrated notes

Levels and vault maps discovered:
D:1:      wander_arrival_fairy_ring, layout_basic, hex_intersection
D:2:      layout_loops_cross, serial_glass, glass_columns_a, glass_columns_b
D:3:      layout_basic, shapermc_ecumenical_altar_mp_vishouse

Skill      XL: |  1  2  3 |
---------------+----------+-----
Dodging        | 2 |  2.0
Fighting       | |  0.1
Maces & Flails | |  0.2
Stealth        | |  2.1
Spellcasting   | |  2.3
Conjurations   | |  1.9
Fire Magic     | |  3.7

Action                     || total
---------------------------++-------
  Melee: Whip              ||     6
   Cast: Foxfire           ||    74
         Scorch            ||     3
 Armour: Robe              ||    20
  Dodge: Dodged            ||    30

Table legend: (Time is in decaauts)
 A = Elapsed time spent in this place.
 B = Non-inter-level travel time spent in this place.
 C = Inter-level travel time spent in this place.
 D = Time resting spent in this place.
 E = Time spent auto-exploring this place.
 F = Levels seen in this place.
 G = Mean time per level.
                   A        B        C        D        E       F      G
               +--------+--------+--------+--------+--------+-----+--------+
         Total |   2399 |   2326 |     73 |      0 |   2036 |   3 |  799.7 |
       Dungeon |   2399 |   2326 |     73 |      0 |   2036 |   3 |  799.7 |
               +--------+--------+--------+--------+--------+-----+--------+

Top non-repeatable levels by time:
     D:1: 1423 daAuts
     D:2: 952 daAuts
     D:3: 23 daAuts
